 Dungeon Crawl Stone Soup version 0.17.1-3-g152610e (webtiles) character file.

471 Gargoyl the Skirmisher (level 6, -2/48 HPs)
             Began as a Demonspawn Abyssal Knight on Mar 23, 2016.
             Was a Priest of Lugonu.
             Slain by a centaur zombie (4 damage)
             ... on level 4 of the Dungeon.
             The game lasted 00:06:56 (4543 turns).

Gargoyl the Skirmisher (Demonspawn Abyssal Knight)  Turns: 4543, Time: 00:06:56

Health: -2/48      AC:  9    Str: 14    XL:     6   Next: 83%
Magic:  8/8        EV:  7    Int: 14    God:    Lugonu [***...]
Gold:   155        SH:  0    Dex: 12    Spells: 0 memorised, 5 levels left

rFire  . . .     SeeInvis .     a - +1 hand axe
rCold  . . .     Clarity  .     e - +0 chain mail
rNeg   . . .     SustAt   .     (no shield)
rPois  .         Gourm    .     (no helmet)
rElec  .         Spirit   .     (no cloak)
rCorr  .         Warding  .     (no gloves)
rMut   .         Stasis   .     (no boots)
MR     .....                    (no amulet)
Stlth  ..........               (no ring)
                                (no ring)

@: lethally poisoned (-2 -> -3), not resistant to hostile enchantments,
extremely unstealthy
A: talons 2, demonic guardian 1
a: Depart the Abyss, Bend Space, Banish, Renounce Religion


You were on level 4 of the Dungeon.
You worshipped Lugonu.
Lugonu was most pleased with you.
You were not hungry.

You visited 1 branch of the dungeon, and saw 4 of its levels.
You visited the Abyss 1 time.

You collected 155 gold pieces.

Inventory:

Hand Weapons
 a - a +1 hand axe (weapon)
 f - a +1 spear of piercing
Missiles
 v - a tomahawk (quivered)
Armour
 e - a +0 chain mail (worn)
Wands
 u - a wand of paralysis (12)
Scrolls
 g - 2 scrolls of remove curse {unknown}
 j - a scroll of recharging {unknown}
 m - a scroll of enchant weapon {unknown}
 n - 2 scrolls of noise {unknown}
 o - 4 scrolls of identify {unknown}
 p - a scroll of amnesia {unknown}
 r - a scroll of random uselessness {unknown}
Potions
 b - a potion of curing
 h - a potion of poison {unknown}
 t - a potion of resistance {unknown}
Books
 i - a book of Clouds

   Spells                             Type                      Level
   a - Mephitic Cloud                 Conjuration/Poison/Air       3
   b - Conjure Flame                  Conjuration/Fire             3
   c - Poisonous Cloud                Conjuration/Poison/Air       6
   d - Freezing Cloud                 Conjuration/Ice/Air          6
   e - Ring of Flames                 Charms/Fire                  7
Comestibles
 c - 2 bread rations
 l - 3 meat rations
 q - a royal jelly
 s - 5 fruits


   Skills:
 + Level 4.2 Fighting
 + Level 3.3 Axes
 + Level 3.6 Armour
 + Level 3.5 Dodging
 + Level 3.2 Invocations


You had 5 spell levels left.
You didn't know any spells.

Dungeon Overview and Level Annotations

Branches:
Dungeon (4/15)
 Temple: D:4-7

Altars:
Ashenzari
Cheibriados
Gozag
Kikubaaqudgha
Nemelex Xobeh
Xom
Zin
The Shining One


Innate Abilities, Weirdness & Mutations

You have razor-sharp toenails.
A weak demonic guardian rushes to your aid.


Message History

The centaur zombie barely misses you.
Your white imp hits the centaur zombie.
Your white imp freezes the centaur zombie.
The centaur zombie resists.
Unknown command.
You hit the centaur zombie.
You feel sick. The centaur zombie barely misses you.
Your white imp hits the centaur zombie but does no damage.
The centaur zombie hits you.
* * * LOW HITPOINT WARNING * * *
Unknown command.
You slash the centaur zombie! The centaur zombie barely misses you.
Your white imp gestures at the centaur zombie.
The puff of frost hits the centaur zombie.
The centaur zombie resists.
Unknown command.
You hit the centaur zombie.
The centaur zombie hits you but does no damage.
Your white imp hits the centaur zombie but does no damage.
The centaur zombie hits you.
You die...

## #.#### #....
#(.######ยงยงยง #
######..@Z....### .##
#.......5####...# ...
#........# #.##.#
#........# #....#
#........######....#
..##
#................#..
#...
##########......###.#
#. #.####.# #..###.
..)# #.# #..##.


You could see a centaur zombie and a friendly white imp.

Vanquished Creatures
  An ogre (D:4)
  A giant frog zombie (D:4)
  A centaur skeleton (D:4)
  An orc wizard (D:4)
  2 iguanas (D:4)
  A worker ant (D:4)
  10 adders
  4 oozes
  5 worms
  10 orcs
  3 ball pythons
  6 giant cockroaches
  5 goblins
  7 hobgoblins
  5 kobolds (D:1)
  A quokka (D:3)
  8 bats
  2 giant geckos
  2 giant newts (D:2)
  8 jackals
  10 rats
93 creatures vanquished.

Vanquished Creatures (collateral kills)
  A worker ant (D:4)
  A gnoll (D:4)
2 creatures vanquished.

Vanquished Creatures (others)
  A plant (D:4)
1 creature vanquished.

Grand Total: 96 creatures vanquished

Notes
Turn   | Place    | Note
--------------------------------------------------------------
     0 | Abyss:1  | Gargoyl the Demonspawn Abyssal Knight began the quest for the Orb.
     0 | Abyss:1  | Reached XP level 1. HP: 18/18 MP: 2/2
   109 | Abyss:1  | Noticed a thrashing horror
   112 | D:1      | Escaped the Abyss
   343 | D:1      | Reached * piety under Lugonu
   343 | D:1      | Gained mutation: You have sharp toenails. [demonic ancestry]
   343 | D:1      | Reached XP level 2. HP: 20/24 MP: 4/4
   927 | D:1      | Reached skill level 1 in Dodging
  1114 | D:2      | Reached XP level 3. HP: 24/29 MP: 5/5
  1157 | D:2      | Found a glowing silver altar of Zin.
  1370 | D:2      | Found a shattered altar of Ashenzari.
  1387 | D:2      | Reached ** piety under Lugonu
  1969 | D:2      | Reached XP level 4. HP: 35/35 MP: 6/6
  3169 | D:3      | Gained mutation: A weak demonic guardian rushes to your aid. [demonic ancestry]
  3169 | D:3      | Reached XP level 5. HP: 27/42 MP: 7/7
  3500 | D:3      | Found a snail-covered altar of Cheibriados.
  3501 | D:3      | Found a glowing golden altar of the Shining One.
  3501 | D:3      | Found a shimmering altar of Xom.
  3505 | D:3      | Found a sparkling altar of Nemelex Xobeh.
  3506 | D:3      | Found an opulent altar of Gozag.
  3585 | D:3      | Found an ancient bone altar of Kikubaaqudgha.
  3596 | D:3      | You fall through a shaft!
  3806 | D:4      | Reached *** piety under Lugonu
  3825 | D:4      | Noticed an ogre
  3832 | D:4      | Killed an ogre
  3832 | D:4      | Gained mutation: You have razor-sharp toenails. [demonic ancestry]
  3832 | D:4      | Reached XP level 6. HP: 17/48 MP: 8/8
  4035 | D:4      | Reached skill level 4 in Fighting
  4541 | D:4      | HP: 2/48 [centaur zombie (2)]
  4543 | D:4      | Slain by a centaur zombie

Action                   |  1- 3 |  4- 6 || total
-------------------------+-------+-------++-------
Melee: Hand axe          |   137 |   264 ||   401
Invok: Depart the Abyss  |     1 |       ||     1
  Use: Potion            |       |     5 ||     5
  Eat: Chunk             |     4 |     7 ||    11
       Fruit             |       |     2 ||     2
